 Dungeon Sprint DCSS version 0.27-a0-156-gbcd94eb011 (webtiles) character file.

Game seed: 10983847120461325211

123 mhtbhm the Insei (level 5, 0/49 HPs)
             Began as an Octopode Transmuter on Jan 28, 2021.
             Shot with an arrow by a centaur (8 damage)
             ... in the Dungeon (Sprint IX: "|||||||||||||||||||||||||||||").
             The game lasted 00:00:19 (86 turns).

mhtbhm the Insei (Octopode Transmuter)                Turns: 86, Time: 00:00:19

Health: 0/49       AC:  1    Str: 10    XL:     5   Next: 7%
Magic:  3/11       EV: 15    Int: 15    God:
Gold:   0          SH:  0    Dex: 13    Spells: 11/12 levels left

rFire    . . .     SeeInvis .     - Unarmed
rCold    . . .     Faith    .   (no shield)
rNeg     . . .     Spirit   .   (helmet currently unavailable)
rPois    .         Reflect  .   (no amulet)
rElec    .         Harm     .   (no ring)
rCorr    .         Rampage  .   (no ring)
Will     .....     NoTele   +   (no ring)
Stlth    ..........             (no ring)
HPRegen  0.16/turn              (no ring)
MPRegen  0.12/turn              (no ring)
                                (no ring)
                                (no ring)

@: berserking (expiring), appendages (expiring), very quick
A: almost no armour, stealthy swim, amphibious, 8 rings, constrict 8, tentacle
spike 3, camouflage 1, gelatinous body 1
a: End Transformation


You were in the Dungeon.
One of your tentacles had a temporary spike.
You visited 1 branch

Inventory:

Scrolls
 g - a scroll of blinking
Potions
 b - a potion of curing
 c - a potion of heal wounds
 d - a potion of haste
 e - 2 potions of magic


   Skills:
 + Level 1.3 Fighting
 + Level 4.1 Dodging
 + Level 1.8 Stealth
 + Level 7.5 Unarmed Combat
 + Level 4.1 Spellcasting
 + Level 3.6 Transmutations


You had 11 spell levels left.
You knew the following spells:

 Your Spells              Type           Power        Failure   Level
a - Beastly Appendage     Tmut           26%          4%          1

Your spell library contained the following spells:

 Spells                   Type           Power        Failure   Level
 Wereblood                Tmut           13%          6%          2
 Spider Form              Tmut/Pois      4%           26%         3
 Ice Form                 Ice/Tmut       8%           63%         4
 Blade Hands              Tmut           6%           75%         5


Dungeon Overview and Level Annotations

Branches:
Dungeon (1/1)

Altars:


Innate Abilities, Weirdness & Mutations

You cannot wear most types of armour.
You are very stealthy in the water. (Stealth+)
You are amphibious.
You can wear up to eight rings at the same time.
You can use your tentacles to constrict eight enemies at once.
Your skin changes colour to match your surroundings (Stealth+).
Your rubbery body absorbs attacks. (AC +1, EV +1)
One of your tentacles bears a large vicious spike.


Message History

You tentacle-slap the ice beast.
You pierce the ice beast.
The ice beast is severely wounded.
The ice beast closely misses you.
You bludgeon the ice beast!
You kill the ice beast!
Your transformation is almost over.
Your Dodging skill increases to level 4!
Your Unarmed Combat skill gained 2 levels and is now at level 7!
Your Spellcasting skill increases to level 4!
Your Transmutations skill increases to level 3!
You have reached level 4!
You have reached level 5!
You feel agile.
Unknown command.
You bludgeon the worker ant! Your grab misses the worker ant.
You squeeze the worker ant!
You kill the worker ant!
The centaur wields a +0 shortbow.
The centaur shoots an arrow.
The arrow hits you!
You die...

▓.▓
▓.▓
▓'▓
▓†▓
▓)▓
▓.▓
▓.▓
▓.▓
▓@▓
▓†▓
▓c▓
▓.▓
▓5▓
▓.▓
▓+▓


You could see a centaur and a white imp.

Vanquished Creatures
  An ice beast (D)
  An orc priest (D)
  A worker ant (D)
  2 hobgoblins (D)
  A bat (D)
  A frilled lizard (D)
  A rat (D)
8 creatures vanquished.

Notes
Turn   | Place    | Note
-------+----------+-------------------------------------------
     0 | D        | mhtbhm the Octopode Transmuter began the quest for the Orb.
     0 | D        | Reached XP level 1. HP: 13/13 MP: 3/3
    78 | D        | Noticed an orc priest
    78 | D        | Noticed an ice beast
    78 | D        | Noticed a worker ant
    78 | D        | Noticed a centaur
    82 | D        | Killed an orc priest
    83 | D        | Reached skill level 1 in Stealth
    83 | D        | Reached skill level 5 in Unarmed Combat
    83 | D        | Reached XP level 2. HP: 4/18 MP: 3/6
    83 | D        | Reached XP level 3. HP: 5/23 MP: 3/7
    85 | D        | Killed an ice beast
    86 | D        | Reached skill level 7 in Unarmed Combat
    86 | D        | Reached XP level 4. HP: 7/28 MP: 3/10
    86 | D        | Reached XP level 5. HP: 8/33 MP: 3/11
    86 | D        | Shot with an arrow by a centaur

Illustrated notes

Levels and vault maps discovered:
D:        linesprint [early_d, line_temple, items_1, d_10, items_2, lair_1,
          lair_end, items_3, orc_1, orc_end, items_4, d_15, swamp_1, shoals_1,
          snake_1, spider_1, d_20, vaults_1, items_5, swamp_end, shoals_end,
          snake_end, spider_end, vaults_end, d_27, items_6, zot_1, zot_end,
          crypt_end, forest_end, elf_end, slime_end, tomb_end, abyss_end,
          pan_hell_end]

Skill      XL: |  1  2  3 |
---------------+----------+-----
Dodging        | 3 4 |  4.1
Stealth        | 1 |  1.8
Unarmed Combat | 5 7 |  7.5
Spellcasting   | 3 4 |  4.1
Transmutations | 3 |  3.6
Fighting       | |  1.3

Action                   |  1- 3 |  4- 6 || total
-------------------------+-------+-------++-------
Melee: Unarmed           |    17 |     1 ||    18
       Constrict         |     4 |       ||     4
       Kick              |     4 |       ||     4
       Tentacles         |     2 |     1 ||     3
       Punch             |     1 |       ||     1
 Cast: Beastly Appendage |     2 |       ||     2
  Use: Potion            |     1 |       ||     1
 Stab: Sleeping          |     1 |       ||     1
Armor: Skin              |     2 |       ||     2
Dodge: Dodged            |     7 |       ||     7

Table legend: (Time is in decaauts)
 A = Elapsed time spent in this place.
 B = Non-inter-level travel time spent in this place.
 C = Inter-level travel time spent in this place.
 D = Time resting spent in this place.
 E = Time spent auto-exploring this place.
 F = Levels seen in this place.
 G = Mean time per level.
                   A        B        C        D        E       F      G
               +--------+--------+--------+--------+--------+-----+--------+
         Total |     83 |     83 |      0 |     54 |      0 |   1 |   83.0 |
       Dungeon |     83 |     83 |      0 |     54 |      0 |   1 |   83.0 |
               +--------+--------+--------+--------+--------+-----+--------+

Top non-repeatable levels by time:
       D: 83 daAuts
